 Dungeon Crawl Stone Soup version 0.22-a0-231-g1b571ea (webtiles) character file.

711 varam the Ruffian (level 7, -2/61 HPs)
             Began as a Troll Arcane Marksman on Feb 20, 2018.
             Was a Follower of Nemelex Xobeh.
             Slain by Prince Ribbit (15 damage)
             ... on level 6 of the Dungeon.
             The game lasted 00:12:39 (3945 turns).

varam the Ruffian (Troll Arcane Marksman)           Turns: 3945, Time: 00:12:40

Health: -2/61      AC:  5    Str: 22    XL:     7   Next: 40%
Magic:  0/9        EV: 10    Int: 11    God:    Nemelex Xobeh [*.....]
Gold:   154        SH:  0    Dex: 10    Spells: 1/10 levels left

rFire    . . .     SeeInvis .     - Unarmed
rCold    . . .     Gourm    +   (no shield)
rNeg     . . .     Faith    .   a - +0 robe
rPois    +         Spirit   .   (helmet restricted)
rElec    .         Reflect  .   (no cloak)
rCorr    .         Harm     .   (gloves unavailable)
MR       .....                  (boots unavailable)
Stlth    +.........             v - amulet of regeneration
HPRegen  1.00/turn              e - +3 ring of strength
MPRegen  0.11/turn              s - ring of poison resistance

@: very slightly contaminated, invisible
A: large, unfitting armour, claws 3, fast metabolism 3, gourmand, regeneration
1, shaggy fur 1, tough skin 2
a: Renounce Religion


You were on level 6 of the Dungeon.
You worshipped Nemelex Xobeh.
Nemelex Xobeh was aware of your devotion.
You were very full.

You visited 1 branch of the dungeon, and saw 6 of its levels.

You collected 154 gold pieces.

Inventory:

Hand Weapons
 w - a +3 hunting sling
Missiles
 c - 4 large rocks
 h - 66 stones
 p - 3 javelins (quivered)
 D - 5 silver tomahawks
 F - an exploding tomahawk
Armour
 a - a +0 robe (worn)
Jewellery
 e - a +3 ring of strength (left claw)
 s - a ring of poison resistance (right claw)
 t - an uncursed ring of flight
 v - an amulet of regeneration (around neck)
 E - a +5 ring of evasion {unknown}
 J - an uncursed ring of resist corrosion {unknown}
Wands
 l - a wand of scattershot (4)
 u - a wand of iceblast (11)
Scrolls
 f - 2 scrolls of blinking
 j - a scroll of enchant weapon {unknown}
 m - 3 scrolls of teleportation
 n - a scroll of magic mapping {unknown}
 q - 3 scrolls of amnesia
 r - a scroll of immolation {unknown}
 y - 2 scrolls of remove curse {unknown}
 C - a scroll of fog {unknown}
 I - a scroll of summoning {unknown}
Potions
 g - 2 potions of brilliance
 i - a potion of cancellation {unknown}
 k - a potion of heal wounds {unknown}
 o - 2 potions of ambrosia
 x - a potion of invisibility
 A - 3 potions of agility {unknown}
 B - a potion of lignification {unknown}
 H - a potion of magic {unknown}
Miscellaneous
 G - a plain deck of escape
Comestibles
 b - 11 rations


   Skills:
 - Level 0.7 Fighting
 + Level 3.2 Throwing
 + Level 2.9 Dodging
 + Level 3.5 Unarmed Combat
 + Level 2.0 Spellcasting
 + Level 3.3 Hexes
 + Level 2.0 Translocations


You had one spell level left.
You knew the following spells:

 Your Spells              Type           Power        Failure   Level  Hunger
a - Corona                Hex            #......      8%          1    ##.....
b - Portal Projectile     Hex/Tloc       #.....       28%         3    ####...
c - Inner Flame           Hex/Fire       #.......     41%         3    ####...
d - Blink                 Tloc           N/A          19%         2    ###....


Dungeon Overview and Level Annotations

Branches:
Dungeon (6/15)             Temple (0/1) D:4

Altars:
Gozag
Nemelex Xobeh
The Shining One

Annotations:
D:6 Prince Ribbit


Innate Abilities, Weirdness & Mutations

You are too large for most types of armour.
You have claws for hands.
Your metabolism is lightning-fast.
You like to eat raw meat.
Your natural rate of healing is unusually fast.
You are covered in fur. (AC +1)
You have very tough skin. (AC +2)


Message History

Prince Ribbit hits you!
You miss Prince Ribbit.
Prince Ribbit is lightly wounded.
Prince Ribbit hits you!
* * * LOW HITPOINT WARNING * * *
Casting: Portal Projectile (safe; 28% risk of failure)
Confirm with . or Enter, or press ? or * to list all spells.
You blink.
Prince Ribbit hops awkwardly around.
Prince Ribbit blinks!
Prince Ribbit hits you but does no damage.
Casting: Blink (safe; 19% risk of failure)
Confirm with . or Enter, or press ? or * to list all spells.
You don't have enough magic to cast that spell.
You fade into invisibility!
Prince Ribbit hits you.
* * * LOW HITPOINT WARNING * * *
Prince Ribbit hits you!
You die...
Your body disappears without a glow.

##.....# ##....##
#.....#
#.....##########
#.......##....(#
#.....#........#
#....####......##
.....####.....F##
##...# #(....@##
#..# #..(.....#
#.. #.........(#
.......###...#
......# #...#
.....# ##.[#
.(..# ...# ...#
...(


You could see Prince Ribbit.

Vanquished Creatures
  An ice beast (D:5)
  An ogre (D:3)
  2 scorpions
  A gnoll shaman (D:4)
  2 orc priests (D:4)
  2 orc wizards (D:4)
  An iguana (D:5)
  2 worker ants (D:5)
  4 gnolls
  5 adders
  An adder zombie (D:5)
  2 dart slugs (D:1)
  3 leopard geckos
  21 orcs
  2 giant cockroaches
  16 goblins
  17 hobgoblins
  2 jackals (D:1)
  2 quokkas
  3 ball pythons
  A ball python skeleton (D:4)
  12 bats
  A frilled lizard (D:3)
  8 kobolds
  7 rats
119 creatures vanquished.

Notes
Turn   | Place    | Note
-------+----------+-------------------------------------------
     0 | D:1      | varam the Troll Arcane Marksman began the quest for the Orb.
     0 | D:1      | Reached XP level 1. HP: 18/18 MP: 1/1
   115 | D:1      | Reached skill level 1 in Unarmed Combat
   115 | D:1      | Reached XP level 2. HP: 26/26 MP: 0/2
   252 | D:1      | Found a glowing golden altar of the Shining One.
   531 | D:1      | Reached XP level 3. HP: 32/32 MP: 3/3
   956 | D:2      | Reached skill level 2 in Unarmed Combat
   983 | D:2      | Learned a level 3 spell: Portal Projectile
  1574 | D:3      | Reached XP level 4. HP: 40/40 MP: 4/4
  1636 | D:3      | Reached skill level 2 in Throwing
  1945 | D:3      | Noticed an ogre
  1962 | D:3      | Killed an ogre
  1962 | D:3      | Reached skill level 2 in Dodging
  1962 | D:3      | Reached skill level 1 in Translocations
  1962 | D:3      | Reached XP level 5. HP: 46/46 MP: 4/6
  2477 | D:4      | Reached XP level 6. HP: 30/54 MP: 5/7
  2501 | D:3      | Reached skill level 3 in Hexes
  2739 | D:4      | Reached skill level 3 in Unarmed Combat
  2893 | D:4      | Found an opulent altar of Gozag.
  2896 | D:4      | Found a sparkling altar of Nemelex Xobeh.
  2908 | D:4      | Became a worshipper of Nemelex Xobeh the Trickster
  3066 | D:4      | Received a gift from Nemelex Xobeh
  3081 | D:4      | Found a staircase to the Ecumenical Temple.
  3275 | D:5      | Entered Level 5 of the Dungeon
  3287 | D:5      | Learned a level 3 spell: Inner Flame
  3327 | D:5      | Reached XP level 7. HP: 58/61 MP: 8/8
  3337 | D:5      | Reached skill level 3 in Throwing
  3409 | D:5      | Learned a level 2 spell: Blink
  3607 | D:5      | Reached skill level 2 in Spellcasting
  3871 | D:5      | Reached skill level 2 in Translocations
  3923 | D:6      | Noticed Prince Ribbit
  3930 | D:6      | Reached * piety under Nemelex Xobeh
  3945 | D:6      | Slain by Prince Ribbit

Vault maps used:
D:1:      onia_arrival_pentagram, tso_altar
D:2:      corner_web_ring
D:3:      first_ration, minmay_ogre_servants
D:4:      grunt_temple_overflow_opulence, minmay_temple_entry_hall
D:6:      minmay_cornered_nines, uniq_blork_the_orc, uniq_prince_ribbit1

Skill      XL: |  1  2  3  4  5  6  7 |
---------------+----------------------+-----
Unarmed Combat | 1 2 3 |  3.5
Throwing       | 2 3 |  3.2
Dodging        | 2 |  2.9
Translocations | 1 2 |  2.0
Hexes          | 3 |  3.3
Spellcasting   | 2 |  2.0
Fighting       | |  0.7

Action                   |  1- 3 |  4- 6 |  7- 9 || total
-------------------------+-------+-------+-------++-------
Melee: Unarmed           |   101 |   213 |    32 ||   346
       Punch             |     2 |     1 |     1 ||     4
Throw: Javelin           |       |     1 |     9 ||    10
       Throwing net      |       |     1 |     3 ||     4
       Large rock        |       |     1 |       ||     1
 Cast: Corona            |     4 |     4 |       ||     8
       Blink             |       |       |     1 ||     1
       Portal Projectile |       |       |     1 ||     1
  Use: Scroll            |       |       |     5 ||     5
       Potion            |       |       |     1 ||     1
 Stab: Sleeping          |       |     1 |       ||     1
  Eat: Chunk             |    20 |    16 |     5 ||    41
Armor: Robe              |    47 |    52 |     5 ||   104
Dodge: Dodged            |    52 |    85 |    15 ||   152

Table legend:
 A = Spawn XP
 B = Non-spawn XP
 C = Spawn XP percentage of total XP
 D = Spawn monster count
 E = Non-spawn monster count
 F = Spawn count percentage of total count
 G = Total turns spent on level
                    A         B        C        D         E        F      G
               +---------+---------+-------+---------+---------+-------+---------
         Total |       0 |    1017 |   0.0 |       0 |     119 |   0.0 |  3945
               +---------+---------+-------+---------+---------+-------+---------
           D:1 |       0 |      46 |   0.0 |       0 |      25 |   0.0 |   924
           D:2 |       0 |      47 |   0.0 |       0 |      16 |   0.0 |   619
           D:3 |       0 |     237 |   0.0 |       0 |      43 |   0.0 |   876
           D:4 |       0 |     372 |   0.0 |       0 |      27 |   0.0 |   856
           D:5 |       0 |     315 |   0.0 |       0 |       8 |   0.0 |   632
               +---------+---------+-------+---------+---------+-------+---------
